 Dungeon Crawl Stone Soup version 0.30.1-11-g7821555f0a (webtiles) character file.

Game seed: 174832483563221852

25162 Evah the Fighter (level 12, -5/117 HPs)
             Began as a Minotaur Gladiator on Nov 17, 2023.
             Was an Elder of Trog.
             Slain by a spriggan defender skeleton (18 damage)
             ... on level 2 of the Abyss on Nov 18, 2023.
             The game lasted 03:40:10 (17565 turns).

Evah the Fighter (Minotaur Gladiator)              Turns: 17565, Time: 03:40:10

Health: -5/117     AC: 13    Str: 19 (20) XL:     12   Next: 87%
Magic:  3/11       EV: 12    Int:  2 (3)  God:    Trog [****..]
Gold:   494        SH: 11    Dex: 11 (12) Spells: 11/11 levels left

rFire   x x x        V - +7 hammer of Yredelemnul {speed, rF- Dex+4}
rCold   + . .        g - +1 kite shield
rNeg    + + .        F - +1 scale mail "Diasch" {rPois rN++ Int-4 SInv}
rPois   +            (helmet restricted)
rElec   .            (no cloak)
rCorr   .            n - +3 Mad Mage's Maulers {Infuse+∞ VampMP -Cast}
SInv    +            s - +0 pair of boots
Will    ++...        W - amulet of faith Stlth
                     q - +6 ring of intelligence
HPRegen 1.39/turn    i - ring of ice
MPRegen 0.12/turn

%: no spellcasting, random rage (9%), faith, infuse magic (3 MP)
@: berserking, about to teleport, strong-willed, regenerating, unable to drink,
very quick
A: horns 2, retaliatory headbutt, [berserk 2], [clumsy 2], [deformed body],
[deterioration 2], [dopey 2], [frail 3], [screaming 1], ([teleportitis 2]),
[weak 2], [heat vulnerability 3], [subdued magic 2], [inability to drink after
injury 2]
a: Renounce Religion, Berserk, Trog's Hand, Brothers in Arms


You were on level 2 of the Abyss.
You worshipped Trog.
Trog was greatly pleased with you.
You visited 2 branches of the dungeon, and saw 12 of its levels.
You visited the Abyss 1 time.
You also visited: Bailey.

You collected 683 gold pieces.
You spent 189 gold pieces at shops.

Inventory:

Hand Weapons
 f - a +4 trident of venom
 y - the +8 rapier "Orb Guardian's Curse" {holy, Str+4 Dex+3 SInv}
   (You found it on level 10 of the Dungeon)

   Str:       It affects your strength (+4).
   Dex:       It affects your dexterity (+3).
   SInv:      It lets you see invisible.
 E - a +2 halberd of draining
 L - a +1 shortbow of flaming
 M - a +5 battleaxe
 T - a +0 mace
 U - a +4 quarterstaff of chaos
 V - the +7 hammer of Yredelemnul (weapon) {speed, rF- Dex+4}
   (You found it on level 6 of the Dungeon)

   Dex:       It affects your dexterity (+4).
   rF:        It makes you vulnerable to fire.
 Z - a +4 flail of freezing
Missiles
 d - 9 throwing nets (quivered)
 j - 11 javelins
 m - a curare-tipped dart
 D - 14 poisoned darts
Armour
 g - a +1 kite shield (worn)
 n - the +3 Mad Mage's Maulers (worn) {Infuse+∞ VampMP -Cast}
   (You acquired it on level 8 of the Dungeon)

   Infuse+∞: It empowers its wearer's blows with all of their magic.
   VampMP:    Blows struck in melee replenish the wearer's magic.
   -Cast:     It prevents spellcasting.
 s - a +0 pair of boots (worn)
 A - a +0 robe of resistance
 F - the +1 scale mail "Diasch" (worn) {rPois rN++ Int-4 SInv}
   (You found it on level 3 of the Dungeon)

   Int:       It affects your intelligence (-4).
   rPois:     It protects you from poison.
   rN:        It greatly protects you from negative energy.
   SInv:      It lets you see invisible.
 K - a +0 plate armour
 N - a +0 troll leather armour
Jewellery
 i - a ring of ice (right hand)
 q - a +6 ring of intelligence (left hand)
 u - an amulet of regeneration
 W - an amulet of faith (around neck)
Wands
 a - a wand of acid (5)
 c - a wand of mindburst (9)
 e - a wand of polymorph (3)
 l - a wand of flame (21)
 O - a wand of paralysis (16)
Scrolls
 h - 3 scrolls of magic mapping
 p - a scroll of brand weapon
 x - 2 scrolls of enchant armour
 C - 3 scrolls of teleportation
 H - a scroll of poison
 J - 5 scrolls of fear
 R - a scroll of silence
Potions
 b - 2 potions of resistance
 k - 3 potions of attraction
 o - a potion of might
 t - a potion of heal wounds
 v - 5 potions of brilliance
 z - 7 potions of mutation
 B - 2 potions of cancellation
 G - a potion of invisibility
 I - 2 potions of lignification
 P - 2 potions of haste
 Q - 4 potions of magic
 S - a potion of flight
 X - a potion of berserk rage


   Skills:
 * Level 11.9 Fighting
 * Level 11.6(13.5) Axes
 + Level 7.8(10.8) Maces & Flails
 + Level 7.8(10.8) Polearms
 - Level 2.9 Throwing
 * Level 11.1 Armour
 * Level 10.1 Dodging
 - Level 9.4 Shields


You had 11 spell levels left.
You didn't know any spells.
Your spell library contained the following spells:

 Spells                   Type           Power      Damage    Failure   Level
 Ignite Poison            Fire/Tmut/Pois 0%         N/A       100%        3
 Animate Dead             Necr           0%         N/A       100%        4
 Sticky Flame             Conj/Fire      0%         2d3       100%        4
 Haunt                    Necr/Summ      0%         N/A       100%        7
 Ignition                 Fire           0%         3d3       100%        8
 Infestation              Necr           0%         N/A       100%        8


Dungeon Overview and Level Annotations

Branches:
Dungeon (11/15)            Temple (1/1) D:4            Lair (0/5) D:11
    Orc (0/2) D:11         Bailey (visited)

Altars:
Ashenzari
Cheibriados
Dithmenos
Elyvilon
Fedhas
Gozag
Hepliaklqana
Kikubaaqudgha
Makhleb
Nemelex Xobeh
Okawaru
Qazlal
Ru
Sif Muna
Trog
Uskayaw
Vehumet
Wu Jian
Xom
Yredelemnul
Zin
The Shining One

Shops:
D:4 *   D:7 =

Annotations:
D:11 1 transporter, exclusion: oklob plant, middlethird's ghost, journeyman VSMo


Innate Abilities, Weirdness & Mutations

You have a pair of horns on your head.
You reflexively headbutt those who attack you in melee.
[You have an uncontrollable temper.]
[You are very clumsy. (Dex -4)]
[Armour fits poorly on your strangely shaped body.]
[Your body often deteriorates upon taking damage.]
[You are very dopey. (Int -4)]
[You are extremely frail. (-30% HP)]
[You occasionally shout uncontrollably at your foes.]
[((You are often teleported next to monsters.))]
[You are very weak. (Str -4)]
[You are extremely vulnerable to heat. (rF---)]
[Your spells are easier to cast, but less powerful.]
[You sometimes lose the ability to drink potions when taking damage.]


Message History

The spriggan defender skeleton is moderately damaged.
The spriggan defender skeleton hits you!
Your body deteriorates!
You feel weakened.
The spriggan defender skeleton attacks as you move away!
The spriggan defender skeleton hits you!
Your body deteriorates!
You feel dopey.
Okay, then.
You can't see any enemies this would affect, really read the scroll of fear?
Okay, then.
Okay, then.
Throw: 11 throwing nets
Press: ? - help, Q - select action, (/) - cycle Shift-Dir - straight line, f - spriggan defender skeleton
Aim: a spriggan defender skeleton (moderately damaged, 48% to hit)
You throw a throwing net.
The throwing net misses the spriggan defender skeleton.
You block the spriggan defender skeleton's attack.
Throw: 10 throwing nets
Press: ? - help, Q - select action, (/) - cycle Shift-Dir - straight line, f/p - spriggan defender skeleton
Aim: a spriggan defender skeleton (moderately damaged, 48% to hit)
You throw a throwing net.
The throwing net closely misses the spriggan defender skeleton.
The spriggan defender skeleton hits you.
* * * LOW HITPOINT WARNING * * *
The spriggan defender skeleton hits you.
* * * LOW HITPOINT WARNING * * *
As you read the scroll of teleportation, it crumbles to dust.
You feel strangely unstable.
You feel the power of the Abyss delaying your translocation!
The spriggan defender skeleton barely misses you.
You block the spriggan defender skeleton's attack.
You see here 2 throwing nets.
The spriggan defender skeleton attacks as you move away!
You block the spriggan defender skeleton's attack.
The spriggan defender skeleton hits you!
* * * LOW HITPOINT WARNING * * *
Your body deteriorates!
You feel clumsy.
A red film seems to cover your vision as you go berserk!
You feel yourself moving faster!
You feel mighty!
The spriggan defender skeleton hits you!!
You die...

## . #####... ##
###.. #.## . #
.#..# ### ##.#..
. # #.#### . #.
.#..# #..
#...##...### . .
#. #...#Z#..#. #
# . . .
#..@###.#..#.#.#.
. #..#...#.#..
.#.. .#. .
####...#.
##.#..##.. # .
.§##### ##..#.. .
#.##. . ## # . ..
# ##.#.#.. # ...#
#.. .##. ....
#... # # . . .
... #..#. . # . .
... ..# #. .


You could see a spriggan defender skeleton.

Vanquished Creatures
  4 two-headed ogres
  2 thrashing horrors (Abyss:2)
  Nergalle (D:11)
  A wretched star (Abyss:2)
  Pikel (D:8)
  An ugly thing (D:9)
  A cyclops (D:11)
  A manticore (D:9)
  An orange demon (Abyss:2)
  An unseen horror (D:11)
  A smoke demon (Abyss:2)
  2 komodo dragons
  2 kobold demonologists
  2 ancient zymes (Abyss:2)
  7 trolls
  3 starcursed masses (Abyss:2)
  3 hornets
  5 raiju (Abyss:2)
  A blink frog (shapeshifter) (D:11)
  Sigmund (D:4)
  4 wraiths
  A vampire (D:11)
  23 yaks
  Eustachio (D:6)
  A steam dragon (D:9)
  2 vampire mosquitoes (D:11)
  A large abomination (Abyss:2)
  A basilisk (D:11)
  An acid dragon (D:9)
  2 water moccasins
  4 orc warriors
  A black bear (D:5)
  2 sky beasts
  4 centaurs
  A lemure (D:8)
  3 kobold brigands
  2 phantoms
  7 bullfrogs
  A gnoll sergeant (D:8)
  3 scorpions
  15 wights
  5 killer bees
  2 howler monkeys
  4 hounds
  Crazy Yiuf (D:6)
  2 gnoll boudas
  3 orc priests
  2 iguanas
  2 orc wizards
  27 gnolls
  7 adders
  3 white imps
  3 ufetubi (Abyss:2)
  4 worms
  2 dart slugs
  40 orcs
  6 bats
  3 endoplasms
  3 giant cockroaches
  9 goblins
  4 hobgoblins
  4 kobolds
  2 quokkas
  6 ball pythons
  4 frilled lizards
  2 rats (D:2)
271 creatures vanquished.

Notes
Turn   | Place    | Note
-------+----------+-------------------------------------------
     0 | D:1      | Evah the Minotaur Gladiator began the quest for the Orb.
     0 | D:1      | Reached XP level 1. HP: 18/18 MP: 0/0
   562 | D:1      | Found a faded altar of an unknown god.
   611 | D:1      | Reached XP level 2. HP: 25/25 MP: 1/1
  1526 | D:2      | Reached XP level 3. HP: 19/31 MP: 2/2
  2274 | D:2      | Reached XP level 4. HP: 38/38 MP: 3/3
  2808 | D:4      | Found a staircase to the Ecumenical Temple.
  2849 | Temple   | Entered the Ecumenical Temple
  2921 | Temple   | Became a worshipper of Trog the Wrathful
  3307 | D:4      | Found Tekhewk's Assorted Antiques.
  3312 | D:4      | Noticed a scorpion
  3322 | D:4      | Killed a scorpion
  3323 | D:4      | Reached skill level 1 in Armour
  3323 | D:4      | Reached skill level 1 in Shields
  3323 | D:4      | Reached XP level 5. HP: 46/46 MP: 4/4
  3325 | D:4      | Bought a scroll of teleportation for 81 gold pieces
  4365 | D:3      | Identified the +1 scale mail "Diasch" {rPois rN++ Int-4
                  | SInv}
  4545 | D:4      | Reached skill level 5 in Axes
  4805 | D:4      | Noticed Sigmund
  4843 | D:4      | Killed Sigmund
  4844 | D:4      | Reached XP level 6. HP: 40/53 MP: 5/5
  5136 | D:5      | Entered Level 5 of the Dungeon
  5348 | D:5      | Reached XP level 7. HP: 59/60 MP: 6/6
  5373 | D:5      | Reached skill level 5 in Fighting
  5665 | D:5      | Noticed a yak
  5665 | D:5      | Noticed a yak
  5666 | D:5      | Noticed a yak
  5691 | D:4      | Bought a scroll of fear for 108 gold pieces
  6228 | D:6      | Reached * piety under Trog
  6253 | D:6      | Reached skill level 5 in Dodging
  6258 | D:6      | Reached XP level 8. HP: 70/70 MP: 7/7
  6521 | D:6      | Reached skill level 5 in Armour
  6521 | D:6      | Reached skill level 5 in Shields
  6731 | D:6      | Noticed Eustachio
  6738 | D:6      | Killed Eustachio
  7088 | D:6      | Found a runed translucent door.
  7089 | D:6      | Noticed Crazy Yiuf
  7094 | D:6      | Killed Crazy Yiuf
  7100 | D:6      | Identified the +7 hammer of Yredelemnul {speed, rF- Dex+4}
  7905 | D:7      | Found Hitaomig's Jewellery Shoppe.
  8014 | D:7      | Found a flagged portal.
  8049 | D:7      | Identified the +7 spear of Zunopt {holy, rC+ Str+2 Dex+3}
  8056 | Bailey   | Entered a bailey
  8250 | Bailey   | Reached XP level 9. HP: 72/78 MP: 8/8
  8313 | Bailey   | Reached ** piety under Trog
  9734 | D:8      | Found a broken altar of Ashenzari.
 10009 | D:8      | Reached skill level 1 in Maces & Flails
 10009 | D:8      | Reached skill level 1 in Polearms
 10129 | D:8      | Noticed Pikel
 10148 | D:8      | Killed Pikel
 11677 | D:9      | Reached skill level 5 in Maces & Flails
 11677 | D:9      | Reached skill level 5 in Polearms
 11677 | D:9      | Reached XP level 10. HP: 91/91 MP: 9/9
 12312 | D:8      | Identified a scroll of acquirement
 12312 | D:8      | Acquired the +3 Mad Mage's Maulers {Infuse+∞ VampMP -Cast}
 12312 | D:8      | Found the +3 Mad Mage's Maulers {Infuse+∞ VampMP -Cast}
 12369 | D:9      | Noticed a two-headed ogre
 12369 | D:9      | Noticed a two-headed ogre
 12378 | D:9      | Killed a two-headed ogre
 12379 | D:9      | Reached XP level 11. HP: 99/99 MP: 1/10
 12383 | D:9      | Killed a two-headed ogre
 12488 | D:9      | Noticed a two-headed ogre
 12493 | D:9      | Killed a two-headed ogre
 12785 | D:9      | Reached skill level 10 in Fighting
 13051 | D:9      | Reached *** piety under Trog
 13052 | D:9      | Paralysed by a hornet for 1 turns
 13288 | D:9      | Noticed a white ugly thing
 13303 | D:9      | Killed a white ugly thing
 13304 | D:9      | Reached skill level 10 in Axes
 13748 | D:10     | Entered Level 10 of the Dungeon
 14360 | D:10     | Identified the +8 rapier "Orb Guardian's Curse" {holy,
                  | Str+4 Dex+3 SInv}
 14827 | D:10     | Reached XP level 12. HP: 108/108 MP: 1/11
 15214 | D:11     | Reached skill level 10 in Armour
 15727 | D:11     | Reached **** piety under Trog
 15753 | D:11     | Found a staircase to the Orcish Mines.
 15765 | D:11     | Noticed a two-headed ogre
 15782 | D:11     | Killed a two-headed ogre
 16096 | D:11     | Noticed Nergalle
 16128 | D:11     | Killed Nergalle
 16509 | D:11     | Found a staircase to the Lair.
 16693 | D:11     | Found a transporter.
 16708 | D:11     | Noticed middlethird's ghost (journeyman VSMo)
 16711 | D:11     | Found a transporter.
 16725 | D:11     | Noticed a centaur warrior
 16994 | Abyss:2  | Cast into level 2 of the Abyss (a wizard)
 17048 | Abyss:2  | Noticed a starcursed mass
 17091 | Abyss:2  | Noticed a bone dragon
 17130 | Abyss:2  | Noticed a starcursed mass
 17136 | Abyss:2  | Noticed a starcursed mass
 17198 | Abyss:2  | Noticed a green death
 17384 | Abyss:2  | Noticed a starcursed mass
 17418 | Abyss:2  | Reached skill level 10 in Dodging
 17496 | Abyss:2  | Noticed a tentacled monstrosity
 17565 | Abyss:2  | Slain by a spriggan defender skeleton

Illustrated notes

Levels and vault maps discovered:
D:1:      dpeg_arrival_orchard, layout_basic, chequers_ecumenical_altar_island
D:2:      layout_basic, serial_park_tiny_pond
D:3:      layout_loops_ring, minmay_misc_feat_doors
D:4:      layout_basic, minmay_temple_entry_overgrown, serial_shops,
          nicolae_shop_stone, palyth_stone_intersect, st_stairs_7, uniq_sigmund
D:5:      layout_rooms
D:6:      layout_basic, uniq_crazy_yiuf_cottage, uniq_eustachio
D:7:      layout_gridville, enter_bailey_2, serial_shops, shop, st_stairs_6
D:8:      layout_basic, nicolae_ashenzari_skybound, uniq_pikel
D:9:      minmay_quarter_circles, layout_basic
D:10:     layout_basic
D:11:     layout_cave_pools, grunt_lair_entry_orc_guard_hut, david_orc_2,
          nzn_ghost_randoct, uniq_nergalle
Temple:   nicolae_temple_the_god_donut
Abyss:2:  base: D:1, bh_abyss_exit_grid

Skill      XL: |  1  2  3  4  5  6  7  8  9 10 11 12 |
---------------+-------------------------------------+-----
Axes           | 4 5 6 7 9 10 11 | 11.6
Fighting       | 3 4 5 7 9 10 11 | 11.9
Dodging        | 4 5 7 8 10 | 10.1
Armour         | 1 2 4 5 8 9 11 | 11.1
Shields        | 1 2 4 5 8 9 |  9.4
Maces & Flails | 5 6 7 |  7.8
Polearms       | 5 6 7 |  7.8
Throwing       | |  2.9

Action                     |  1- 3 |  4- 6 |  7- 9 | 10-12 || total
---------------------------+-------+-------+-------+-------++-------
  Melee: War axe           |    64 |   102 |   239 |       ||   405
         Headbutt          |     5 |    18 |    49 |   105 ||   177
         Mace              |       |       |    18 |   404 ||   422
  Throw: Javelin           |       |     1 |     3 |     8 ||    12
         Throwing net      |       |       |       |     3 ||     3
         Dart              |       |       |       |     2 ||     2
 Invoke: Berserk           |       |       |       |     5 ||     5
         Trog's Hand       |       |       |       |     9 ||     9
    Use: Scroll            |       |    14 |    17 |     5 ||    36
         Potion            |       |       |     9 |     9 ||    18
 Armour: Leather armour    |    23 |    13 |       |       ||    36
         Ring mail         |       |    14 |       |       ||    14
         Scale mail        |       |    17 |    98 |   101 ||   216
  Dodge: Dodged            |    55 |    56 |   135 |   163 ||   409
  Block: Kite shield       |       |    45 |   210 |   245 ||   500
